 Dungeon Crawl Stone Soup version 0.25-a0-294-gea9b1ad378 (webtiles) character file.

Game seed: 12412357614723858516, levelgen mode: classic

15894 Borgoz the Basher (level 12, -3/73 HPs)
             Began as a Gargoyle Berserker on Dec 19, 2019.
             Was a High Priest of Trog.
             Slain by a very large slime creature (46 damage)
             ... on level 12 of the Dungeon.
             The game lasted 00:19:49 (10616 turns).

Borgoz the Basher (Gargoyle Berserker)             Turns: 10616, Time: 00:19:49

Health: -3/73      AC: 19    Str: 28    XL:     12   Next: 31%
Magic:  4/4        EV: 16    Int:  7    God:    Trog [*****.]
Gold:   615        SH:  0    Dex: 13    Spells: 11/11 levels left

rFire    . . .     SeeInvis +   I - +9 great mace (antimagic)
rCold    . . .     Gourm    .   (shield currently unavailable)
rNeg     + . .     Faith    .   S - +0 troll leather armour
rPois    ∞         Spirit   .   (no helmet)
rElec    +         Reflect  .   K - +0 cloak
rCorr    .         Harm     .   y - +0 pair of gloves
MR       .....                  j - +0 pair of boots
Stlth    +.........             (no amulet)
HPRegen  0.62/turn              u - +5 ring of strength
MPRegen  0.09/turn              F - ring of see invisible

@: no status effects
A: negative energy resistance 1, electricity resistance, unbreathing,
petrification resistance, rot immunity, AC +8
a: Berserk, Trog's Hand, Brothers in Arms, Renounce Religion


You were on level 12 of the Dungeon.
You worshipped Trog.
Trog was extremely pleased with you.
You were not hungry.

You visited 1 branch of the dungeon, and saw 12 of its levels.
You also visited: Ossuary.

You collected 615 gold pieces.

Inventory:

Hand Weapons
 a - a +4 morningstar
 b - a +1 whip of electrocution
 I - a +9 antimagic great mace (weapon)
Missiles
 i - 7 throwing nets (quivered)
Armour
 j - a +0 pair of boots (worn)
 v - a +0 scale mail of cold resistance
 y - a +0 pair of gloves (worn)
 K - a +0 cloak (worn)
 S - a +0 troll leather armour (worn)
Jewellery
 p - a +6 ring of intelligence
 u - a +5 ring of strength (left hand)
 F - a ring of see invisible (right hand)
 L - an uncursed ring of fire
 R - an uncursed ring of ice
Wands
 B - a wand of paralysis (9)
 G - a wand of flame (25)
 J - a wand of polymorph (3)
 O - a wand of disintegration (4)
 P - a wand of random effects (15)
Scrolls
 l - a scroll of holy word
 m - 6 scrolls of remove curse
 q - 3 scrolls of blinking
 r - 5 scrolls of teleportation
 s - 3 scrolls of magic mapping
 A - a scroll of acquirement {unknown}
 C - 3 scrolls of fear
 N - 2 scrolls of immolation {unknown}
 Q - a scroll of enchant weapon
Potions
 d - 2 potions of mutation
 e - 3 potions of cancellation
 f - 3 potions of berserk rage
 g - a potion of might
 h - a potion of lignification
 k - 7 potions of heal wounds
 n - 4 potions of haste
 o - 11 potions of curing
 t - 3 potions of agility
 w - 3 potions of brilliance
 x - a potion of invisibility
 z - a potion of magic
 D - a potion of resistance
 E - a potion of flight
 H - a potion of ambrosia
Comestibles
 c - 25 rations
 M - 9 chunks of flesh


   Skills:
 + Level 7.8 Fighting
 * Level 13.2 Maces & Flails
 + Level 10.4 Armour
 + Level 8.1 Dodging


You had 11 spell levels left.
You didn't know any spells.
Your spell library was empty.

Dungeon Overview and Level Annotations

Branches:
Dungeon (12/15)            Temple (0/1) D:6            Lair (0/6) D:8
    Orc (0/2) D:11        Ossuary (visited)

Altars:
Ashenzari
Cheibriados
Fedhas
Kikubaaqudgha
Makhleb
Okawaru
Uskayaw
Wu Jian
Xom
The Shining One
Beogh

Shops:
D:6 *(   D:11 :

Annotations:
D:7 2 transporters


Innate Abilities, Weirdness & Mutations

You are resistant to torment.
Your stone body is resilient. (AC +8)
You are immune to poison.
You resist negative energy. (rN+)
You are resistant to electric shocks. (rElec)
You can survive without breathing.
You are immune to petrification.
You are immune to rotting.


Message History

A slime creature comes into view.
You thump the large slime creature!
The large slime creature is moderately wounded.
The large slime creature hits you!!
Two slime creatures merge to form a very large slime creature.
You sock the very large slime creature!
The very large slime creature is moderately wounded.
You hit the very large slime creature.
The very large slime creature is moderately wounded.
You bludgeon the very large slime creature!!
The very large slime creature is moderately wounded.
The very large slime creature barely misses you.
You sock the very large slime creature!
The very large slime creature is heavily wounded.
The very large slime creature hits you but does no damage.
You completely miss the very large slime creature.
The very large slime creature is heavily wounded.
The very large slime creature hits you!!!
Ouch! That really hurt!
You die...

#......#.##.....#
#.............
#..##..#.##.....#
###...........
#..##..#.##.....#
#...#......#
#........##.....#
##.####.####
#####.###########
#.# ...# #.# ##
##### #.# #.#
###########
#.####.#....@J.#
#.##.....#####.#
#.##.###.# ..
#....# #... ##
####.# #.###
#...... ###.###
##


You could see a very large slime creature.

Vanquished Creatures
  Harold (D:11)
  Erolcha (D:10)
  4 two-headed ogres
  An unseen horror (D:11)
  Pikel (D:7)
  2 ugly things (D:11)
  A cyclops (D:12)
  Joseph (D:7)
  A centaur skeleton (D:11)
  3 trolls
  A slime creature (D:12)
  A hippogriff (D:12)
  5 yaks (D:11)
  A wraith (D:10)
  A wyvern (D:10)
  4 hogs (D:7)
  A human (D:7)
  A hungry ghost (D:11)
  Menkaure (D:6)
  A black bear (D:9)
  A sky beast (D:9)
  5 orc warriors
  4 slaves (D:7)
  6 ice beasts
  11 ogres
  4 phantoms
  9 centaurs
  3 big kobolds
  5 bullfrogs
  4 gnoll sergeants (D:11)
  A water moccasin zombie (D:6)
  A scorpion (D:8)
  8 wights
  2 howler monkeys (D:7)
  4 crimson imps
  3 centaur zombies
  A quasit (D:12)
  2 jellies
  11 orc wizards
  5 orc priests
  5 hounds
  2 iguanas
  A bullfrog skeleton (D:7)
  13 worker ants
  3 big kobold zombies (Ossuary)
  2 hound skeletons
  6 mummies (Ossuary)
  15 adders
  4 gnolls
  A howler monkey skeleton (D:10)
  4 shadow imps
  An adder zombie (D:8)
  4 worms
  6 dart slugs
  5 leopard geckos
  47 orcs
  4 ball pythons
  6 bats
  4 giant cockroaches
  7 hobgoblins
  11 jackals
  6 quokkas
  A ball python skeleton (D:4)
  6 frilled lizards
  12 goblins
  2 hobgoblin zombies (Ossuary)
  14 kobolds
  A quokka skeleton (D:6)
  6 rats
322 creatures vanquished.

Vanquished Creatures (others)
  An orc wizard (D:3)
1 creature vanquished.

Grand Total: 323 creatures vanquished

Notes
Turn   | Place    | Note
-------+----------+-------------------------------------------
     0 | D:1      | Borgoz the Gargoyle Berserker began the quest for the Orb.
     0 | D:1      | Reached XP level 1. HP: 14/14 MP: 1/1
   151 | D:1      | Reached XP level 2. HP: 8/19 MP: 2/2
   491 | D:1      | Reached XP level 3. HP: 23/23 MP: 3/3
   781 | D:1      | Reached ** piety under Trog
  1350 | D:2      | Reached skill level 4 in Maces & Flails
  1417 | D:2      | Reached XP level 4. HP: 24/28 MP: 4/4
  2395 | D:3      | Reached XP level 5. HP: 25/32 MP: 5/5
  2812 | D:3      | Reached skill level 5 in Maces & Flails
  2826 | D:3      | Reached XP level 6. HP: 8/37 MP: 6/6
  3398 | D:3      | Found a glowing golden altar of the Shining One.
  3403 | D:3      | Found an ancient bone altar of Kikubaaqudgha.
  3534 | D:3      | Reached *** piety under Trog
  3587 | D:3      | Found a blossoming altar of Fedhas.
  3758 | D:4      | Got a smoking long sword
  3759 | D:4      | Identified the +4 long sword "Eraip" {flame, rN+ Int+4}
                  | (You found it on level 4 of the Dungeon)
  3896 | D:4      | Found a shattered altar of Ashenzari.
  4104 | D:4      | Found a sand-covered staircase.
  4111 | Ossuary  | Entered an ossuary
  4183 | Ossuary  | Reached XP level 7. HP: 31/41 MP: 7/7
  4207 | Ossuary  | Reached skill level 6 in Maces & Flails
  4557 | D:4      | Found a snail-covered altar of Cheibriados.
  4896 | D:5      | Entered Level 5 of the Dungeon
  5311 | D:6      | Found Qeuniod's General Store.
  5326 | D:6      | Found Bonesi's Weapon Boutique.
  5373 | D:6      | Found a hide-covered altar of Uskayaw.
  5373 | D:6      | Noticed Menkaure
  5388 | D:6      | Killed Menkaure
  5388 | D:6      | Reached skill level 5 in Armour
  5437 | D:6      | Reached skill level 7 in Maces & Flails
  5437 | D:6      | Reached XP level 8. HP: 39/46 MP: 8/8
  5485 | D:6      | Found a staircase to the Ecumenical Temple.
  5580 | D:6      | Found an iron altar of Okawaru.
  5636 | D:6      | Found a shimmering altar of Xom.
  5729 | D:7      | Found a transporter.
  5729 | D:7      | Noticed a two-headed ogre
  5957 | D:7      | Noticed Joseph
  5970 | D:7      | Reached skill level 8 in Maces & Flails
  5978 | D:7      | Killed Joseph
  5978 | D:7      | Reached XP level 9. HP: 32/51 MP: 9/9
  6025 | D:7      | Noticed Pikel
  6059 | D:7      | Killed Pikel
  6059 | D:7      | Reached skill level 9 in Maces & Flails
  6059 | D:7      | Reached skill level 5 in Dodging
  6480 | D:7      | Reached skill level 10 in Maces & Flails
  6756 | D:7      | Found a roughly hewn altar of Beogh.
  6756 | D:7      | Found a transporter.
  7024 | D:8      | Found a staircase to the Lair.
  7052 | D:8      | Reached XP level 10. HP: 56/56 MP: 10/10
  7065 | D:8      | Found an iron altar of Okawaru.
  7113 | D:8      | Reached **** piety under Trog
  7847 | D:9      | Noticed a two-headed ogre
  7874 | D:9      | Killed a two-headed ogre
  7874 | D:9      | Reached skill level 11 in Maces & Flails
  8057 | D:9      | Found a burning altar of Makhleb.
  8208 | D:9      | Reached ***** piety under Trog
  8208 | D:9      | Received a gift from Trog
  8233 | D:9      | Found an ornate altar of the Wu Jian Council.
  8246 | D:9      | Noticed a two-headed ogre
  8255 | D:9      | Killed a two-headed ogre
  8446 | D:9      | Reached XP level 11. HP: 62/62 MP: 3/11
  8608 | D:10     | Entered Level 10 of the Dungeon
  8613 | D:10     | Noticed a two-headed ogre
  8639 | D:9      | Killed a two-headed ogre
  8639 | D:9      | Reached skill level 5 in Fighting
  8972 | D:10     | Noticed Erolcha
  8979 | D:10     | Killed Erolcha
  8979 | D:10     | Reached skill level 12 in Maces & Flails
  9045 | D:10     | Noticed a two-headed ogre
  9054 | D:10     | Killed a two-headed ogre
  9241 | D:11     | Noticed an unseen horror
  9259 | D:11     | Killed an unseen horror
  9259 | D:11     | Received a gift from Trog
  9432 | D:11     | Noticed a brown ugly thing
  9436 | D:11     | Killed a brown ugly thing
  9510 | D:11     | Noticed a cyan ugly thing
  9518 | D:11     | Killed a cyan ugly thing
  9803 | D:11     | Found a staircase to the Orcish Mines.
  9822 | D:11     | Reached skill level 10 in Armour
  9860 | D:11     | Reached XP level 12. HP: 35/72 MP: 4/12
 10030 | D:11     | Noticed Harold
 10046 | D:11     | Killed Harold
 10113 | D:11     | Reached skill level 13 in Maces & Flails
 10114 | D:11     | Found Xecofunt's Book Shop.
 10616 | D:12     | Slain by a very large slime creature

Levels and vault maps discovered:
D:1:      dpeg_arrival_rhombus, layout_loops_ring, hangedman_decor_peaks_small,
          hangedman_abyss_or_decor_stabs, minmay_misc_feat_alley
D:2:      layout_basic, grunt_ministairs_11, kennysheep_generic_room_7
D:3:      layout_basic, minitemple, first_ration, fedhas_altar_2
D:4:      layout_cave_pods, lemuel_round_altar, kennysheep_slug_shrine,
          nicolae_ossuary_entry_false_entrances
D:5:      layout_cave_pools
D:6:      layout_basic, eat_drink_and_be_merry_uskayaw, kennysheep_little_box,
          minmay_temple_entry_drinking_statues, serial_shops, shop, shop,
          basic_altar, uniq_menkaure
D:7:      gammafunk_beogh_shrine, layout_basic, grunt_livestock, uniq_pikel,
          uniq_joseph
D:8:      layout_gridville, okawaru_metal_pillars_1_2
D:9:      layout_basic, old_standard_altar, overflow_temple_1_default
D:10:     layout_basic, uniq_erolcha
D:11:     layout_roguey, kennysheep_orc_monster_closet_entryway, serial_shops,
          nicolae_shop_crystal, uniq_harold
D:12:     layout_loops_cross, kennysheep_flooded_box

Skill      XL: |  1  2  3  4  5  6  7  8  9 10 11 12 |
---------------+-------------------------------------+-----
Dodging        | 2 3 4 5 6 7 8 |  8.1
Maces & Flails | 4 5 7 8 10 11 12 13 | 13.2
Armour         | 3 4 5 6 7 9 10 | 10.4
Fighting       | 4 7 |  7.8

Action                   |  1- 3 |  4- 6 |  7- 9 | 10-12 || total
-------------------------+-------+-------+-------+-------++-------
Melee: Mace              |   119 |    94 |       |       ||   213
       Whip              |       |   165 |   252 |    31 ||   448
       Morningstar       |       |       |       |   127 ||   127
       Great mace        |       |       |       |   297 ||   297
Invok: Berserk           |     1 |     3 |     3 |     1 ||     8
       Trog's Hand       |       |     6 |     4 |     2 ||    12
  Use: Scroll            |       |    15 |     9 |     3 ||    27
  Eat: Chunk             |     3 |    12 |    12 |    13 ||    40
       Ration            |       |       |     1 |       ||     1
Armor: Animal skin       |    53 |    81 |    10 |       ||   144
       Scale mail        |       |       |    81 |   234 ||   315
       Troll leather arm |       |       |       |    10 ||    10
Dodge: Dodged            |   109 |   184 |   134 |   413 ||   840

Table legend:
 A = Non-vault XP
 B = Vault XP
 C = Vault XP percentage of total XP
 D = Non-vault monster count
 E = Vault monster count
 F = Vault count percentage of total count
                 A         B        C        D         E       F
            +---------+---------+-------+---------+---------+-------
      Total |   16545 |    6162 |  27.1 |     269 |      50 |  15.7
            +---------+---------+-------+---------+---------+-------
        D:1 |      57 |       0 |   0.0 |      31 |       0 |   0.0
        D:2 |      66 |      21 |  24.1 |      17 |       6 |  26.1
        D:3 |     242 |       0 |   0.0 |      31 |       0 |   0.0
        D:4 |      75 |       4 |   5.1 |      13 |       1 |   7.1
        D:5 |     155 |       0 |   0.0 |       4 |       0 |   0.0
        D:6 |     680 |     172 |  20.2 |      11 |       1 |   8.3
        D:7 |     556 |    2085 |  78.9 |      14 |       7 |  33.3
        D:8 |    1373 |       0 |   0.0 |      33 |       0 |   0.0
        D:9 |    5079 |       0 |   0.0 |      57 |       0 |   0.0
       D:10 |    2270 |     995 |  30.5 |      25 |       1 |   3.8
       D:11 |    4295 |    2608 |  37.8 |      20 |      21 |  51.2
       D:12 |    1697 |       0 |   0.0 |      13 |       0 |   0.0
    Ossuary |       0 |     277 | 100.0 |       0 |      13 | 100.0
            +---------+---------+-------+---------+---------+-------
